 Dungeon Crawl Stone Soup version 0.26.0-20-g3ca415f5b8 (webtiles) character file.

Game seed: 3286228083274427090

81 kaeus the Ruffian (level 4, -8/36 HPs)
             Began as a Draconian Transmuter on Jan 25, 2021.
             Mangled by an ogre
             ... wielding a +0 giant spiked club
              (25 damage)
             ... on level 3 of the Dungeon.
             The game lasted 00:02:04 (2051 turns).

kaeus the Ruffian (Draconian Transmuter)            Turns: 2051, Time: 00:02:04

Health: -8/36      AC:  5    Str: 13    XL:     4   Next: 19%
Magic:  6/7        EV: 12    Int: 13    God:
Gold:   163        SH:  0    Dex: 12    Spells: 7/8 levels left

rFire    . . .     SeeInvis .     - Unarmed
rCold    . . .     Faith    .   (no shield)
rNeg     . . .     Spirit   .   (armour unavailable)
rPois    .         Reflect  .   (helmet currently unavailable)
rElec    .         Harm     .   (no cloak)
rCorr    .         Rampage  .   (no gloves)
Will     .....                  (boots currently unavailable)
Stlth    +.........             (no amulet)
HPRegen  0.12/turn              (no ring)
MPRegen  0.10/turn              (no ring)

@: appendages
A: unfitting armour, horns 2, talons 2, cold-blooded, AC +5
a: End Transformation


You were on level 3 of the Dungeon.
You had grown temporary horns.
You had grown temporary talons.
You visited 1 branch of the dungeon, and saw 3 of its levels.

You collected 163 gold pieces.

Inventory:

Wands
 f - a wand of acid (9)
Scrolls
 a - a scroll of teleportation
 d - a scroll of fog
Potions
 b - a potion of ambrosia {unknown}
 c - a potion of haste {unknown}
 h - 2 potions of lignification


   Skills:
 + Level 2.2 Fighting
 - Level 1.7 Dodging
 + Level 3.4 Unarmed Combat
 + Level 2.5 Spellcasting
 * Level 3.2 Transmutations


You had 7 spell levels left.
You knew the following spells:

 Your Spells              Type           Power        Failure   Level
a - Beastly Appendage     Tmut           20%          6%          1

Your spell library contained the following spells:

 Spells                   Type           Power        Failure   Level
 Wereblood                Tmut           10%          10%         2
 Spider Form              Tmut/Pois      2%           36%         3
 Ice Form                 Ice/Tmut       5%           77%         4
 Blade Hands              Tmut           5%           87%         5


Dungeon Overview and Level Annotations

Branches:
Dungeon (3/15)

Altars:


Innate Abilities, Weirdness & Mutations

Your plain brown scales are hard. (AC +5)
You cannot fit into any form of body armour.
You are cold-blooded and may be slowed by cold attacks.
You have a pair of horns on your head.
You have razor-sharp toenails.


Message History

You hit the ogre but do no damage. Your kick misses the ogre.
You tail-slap the ogre.
The ogre is heavily wounded.
The ogre hits you with a +0 giant spiked club!
You take 12 damage, and have 17/36 hp.
MASSIVE DAMAGE!!
You are too injured to fight recklessly!
You are too injured to fight recklessly!
You are too injured to fight recklessly!
You are too injured to fight recklessly!
You are too injured to fight recklessly!
You are too injured to fight recklessly!
You barely miss the ogre.
Your tail-slap misses the ogre.
The ogre is heavily wounded.
You barely miss the ogre.
You headbutt the ogre, but do no damage.
You tail-slap the ogre, but do no damage.
The ogre is heavily wounded.
The ogre hits you with a +0 giant spiked club!!
Ouch! That really hurt!
You die...

# . < ...#! #
...#. ..#
.....## #...#
.......##......
#...@OS.....
#.#§##......
#§####...#
#§§§§.....
.....§§§§§...##
.....#########
####


You could see an ogre and a ball python.

Vanquished Creatures
  Robin (D:2)
  An adder (D:2)
  5 dart slugs
  2 leopard geckos (D:2)
  4 giant cockroaches (D:2)
  11 goblins
  6 hobgoblins
  2 jackals (D:1)
  8 bats
  2 frilled lizards (D:2)
  A kobold (D:2)
  3 rats
46 creatures vanquished.

Vanquished Creatures (others)
  2 plants (D:3)
2 creatures vanquished.

Grand Total: 48 creatures vanquished

Notes
Turn   | Place    | Note
-------+----------+-------------------------------------------
     0 | D:1      | kaeus the Draconian Transmuter began the quest for the Orb.
     0 | D:1      | Reached XP level 1. HP: 16/16 MP: 3/3
   214 | D:1      | Reached XP level 2. HP: 22/23 MP: 3/5
   891 | D:2      | Reached XP level 3. HP: 29/29 MP: 4/6
  1533 | D:2      | Noticed Robin
  1544 | D:2      | Killed Robin
  1545 | D:2      | Reached XP level 4. HP: 25/36 MP: 7/7
  2043 | D:3      | Noticed an ogre
  2051 | D:3      | Mangled by an ogre

Illustrated notes

Levels and vault maps discovered:
D:1:      saegor_arrival_under_anarchy, layout_rooms, minmay_3d_cube
D:2:      layout_loops_ring, serial_aquarium, aquarium_bridge_square
          [aquarium_subvault_bridge, aquarium_subvault_bridge,
          aquarium_subvault_window, aquarium_subvault_window],
          aquarium_bridge_long_separate [aquarium_subvault_wall,
          aquarium_subvault_wall, aquarium_subvault_bridge,
          aquarium_subvault_bridge, aquarium_subvault_wall,
          aquarium_subvault_balcony], aquarium_window_corridor_2,
          aquarium_window_1, aquarium_view_2b, aquarium_balcony_1b,
          aquarium_pool_five, hex_medium, uniq_robin
D:3:      layout_loops_ring, serial_forest, infiniplex_forest_clump_diagonal,
          infiniplex_forest_clump_diagonal, infiniplex_forest_clump_tiny,
          infiniplex_forest_clump_tiny, infiniplex_forest_end_1,
          infiniplex_forest_3_way, infiniplex_forest_clump_medium,
          xom_teletrap_fun, uniq_natasha

Skill      XL: |  1  2  3 |
---------------+----------+-----
Fighting       | 2 |  2.2
Transmutations | 3 |  3.2
Dodging        | |  1.7
Unarmed Combat | |  3.4
Spellcasting   | |  2.5

Action                   |  1- 3 |  4- 6 || total
-------------------------+-------+-------++-------
Melee: Unarmed           |   106 |    15 ||   121
       Kick              |    19 |     3 ||    22
       Headbutt          |    11 |     3 ||    14
       Punch             |     2 |       ||     2
       Tailslap          |     5 |     2 ||     7
 Cast: Beastly Appendage |    22 |     4 ||    26
  Use: Scroll            |     5 |     2 ||     7
 Stab: Sleeping          |       |     1 ||     1
Armor: Skin              |    40 |     1 ||    41
Dodge: Dodged            |    74 |     4 ||    78
